 Dungeon Crawl Stone Soup version 0.27.1-33-g824d729ab1 (webtiles) character file.

Game seed: 13751107309834831192

18 zeram the Conjurer (level 2, -3/15 HPs)
             Began as a Deep Elf Conjurer on Dec 13, 2021.
             Slain by a gnoll (10 damage)
             ... on level 1 of the Dungeon.
             The game lasted 00:01:28 (1151 turns).

zeram the Conjurer (Deep Elf Conjurer)              Turns: 1151, Time: 00:01:28

Health: -3/15      AC:  2    Str:  4    XL:     2   Next: 48%
Magic:  4/8        EV: 12    Int: 22    God:
Gold:   45         SH:  0    Dex: 13    Spells: 6/7 levels left

rFire    . . .     SeeInvis .   e - +0 dagger
rCold    . . .     Faith    .   (no shield)
rNeg     . . .     Spirit   .   a - +0 robe
rPois    .         Reflect  .   (no helmet)
rElec    .         Harm     .   (no cloak)
rCorr    .         Rampage  .   (no gloves)
Will     .....                  (no boots)
Stlth    ++........             (no amulet)
HPRegen  0.05/turn              (no ring)
MPRegen  0.11/turn              (no ring)

@: no status effects
A: no striking features
a: no special abilities


You were on level 1 of the Dungeon.
You visited 1 branch of the dungeon, and saw 2 of its levels.

You collected 45 gold pieces.

Inventory:

Hand Weapons
 e - a +0 dagger (weapon)
Missiles
 d - a throwing net
Armour
 a - a +0 robe (worn)
Jewellery
 b - an amulet of regeneration


   Skills:
 - Level 2.4 Dodging
 - Level 2.4 Stealth
 + Level 3.2 Spellcasting
 + Level 5.1 Conjurations


You had 6 spell levels left.
You knew the following spells:

 Your Spells              Type           Power      Damage    Failure   Level
a - Magic Dart            Conj           100%       1d8       1%          1

Your spell library contained the following spells:

 Spells                   Type           Power      Damage    Failure   Level
 Searing Ray              Conj           52%        3d5       2%          2
 Dazzling Flash           Conj/Hex       28%        N/A       13%         3
 Fulminant Prism          Conj/Hex       7%         3d7       38%         4
 Iskenderun's Mystic Bla  Conj/Tloc      14%        2d5       38%         4


Dungeon Overview and Level Annotations

Branches:
Dungeon (2/15)

Altars:


Message History

Aim: a gnoll, wielding a +0 spear (100% to hit)
The magic dart hits the gnoll!
The gnoll is heavily wounded.
A kobold comes into view. It is wielding a +0 dagger.
There is a stone staircase leading up here.
Casting: Magic Dart (safe; 1% risk of failure)
Confirm with . or Enter, or press ? or * to list all spells.
Aiming: Magic Dart (safe; 1% risk of failure)
Press: ? - help, Shift-Dir - straight line, f/p - gnoll
Aim: a gnoll, wielding a +0 spear (heavily wounded, 100% to hit)
The magic dart hits the gnoll.
The gnoll is almost dead.
The gnoll hits you from afar with a +0 spear.
Casting: Magic Dart (safe; 1% risk of failure)
Confirm with . or Enter, or press ? or * to list all spells.
Aiming: Magic Dart (safe; 1% risk of failure)
Press: ? - help, Shift-Dir - straight line, f/p - gnoll
Aim: a gnoll, wielding a +0 spear (almost dead, 100% to hit)
The magic dart hits the gnoll.
You kill the gnoll!
Your Conjurations skill increases to level 5!
Casting: Magic Dart (safe; 1% risk of failure)
Confirm with . or Enter, or press ? or * to list all spells.
Aiming: Magic Dart (safe; 1% risk of failure)
Press: ? - help, Shift-Dir - straight line, f - gnoll
Aim: a gnoll, wielding a +0 flail (100% to hit)
The magic dart hits the gnoll.
The gnoll is heavily wounded.
The gnoll hits you with a +0 flail. The gnoll hits you with a +0 club.
You climb upwards.
There is a stone staircase leading down here.
As you read the scroll labelled MUAL PECAVOLERI, it crumbles to dust.
It is a scroll of amnesia.
Really abort (and waste the scroll)? [Y]es or [N]o only, please.
Really abort (and waste the scroll)?
Okay, then.
The gnoll hits you with a +0 flail!
Ouch! That really hurt!
You die...

####....##############.###.####..
........'..............# #.# #..
###.....######'###########'####.#
# #.....# #.#.#♣♣♣♣♣#.#.#..... #
#.....######.............#.##.# #
#..........#..♣..♣.♣..♣..#.##.# #
#.###..###.#≈#♣♣..≈..♣♣#≈#.##.#
###.##...# #.#≈#P♣.≈≈≈.♣P#≈#.##.#
....##.#.###.#≈#@gg≈8≈..<#≈#.#...
....##.#.....#≈#P♣.≈≈≈.♣P#≈#.#...
....##.#####.#≈#♣♣..≈..♣♣#≈#.#...
....##.## #.#..♣..♣.♣..♣..#.....
....##..####.#.............#.#..#
....###...##.#.#.#♣♣♣♣♣#.#.#.....
###.# ###....#'###########'#...##
#.# ###....................##
###.########...........##....#.##


You could see 2 gnolls.

Vanquished Creatures
  A gnoll (D:2)
  A dart slug (D:1)
  An endoplasm (D:1)
  A hobgoblin (D:1)
  A ball python (D:1)
  A bat (D:1)
  A frilled lizard (D:1)
  A kobold (D:1)
8 creatures vanquished.

Notes
Turn   | Place    | Note
-------+----------+-------------------------------------------
     0 | D:1      | zeram the Deep Elf Conjurer began the quest for the Orb.
     0 | D:1      | Reached XP level 1. HP: 10/10 MP: 6/6
    88 | D:1      | Found a faded altar of an unknown god.
   595 | D:1      | Reached XP level 2. HP: 15/15 MP: 4/8
  1148 | D:2      | Reached skill level 5 in Conjurations
  1151 | D:1      | Slain by a gnoll

Illustrated notes

Levels and vault maps discovered:
D:1:      tarquinn_simple_flora_water_b, layout_basic,
          hellmonk_ecumenical_altar_pennies_from_heaven
D:2:      layout_rooms, basic_altar, minmay_misc_feat_tiny

Skill      XL: |  1  2 |
---------------+-------+-----
Conjurations   | 5 |  5.1
Dodging        | |  2.4
Stealth        | |  2.4
Spellcasting   | |  3.2

Action                   || total
-------------------------++-------
Melee: Unarmed           ||     1
 Cast: Magic Dart        ||    18
  Use: Scroll            ||     1
Armor: Robe              ||     1
Dodge: Dodged            ||     1
